 Dungeon Crawl Stone Soup version 0.29-a0-234-g0dae59b3db (webtiles) character file.

Game seed: 376957059666629418

23 spaghetti the Bolt Thrower (level 2, -4/24 HPs)
             Began as a Mummy Hunter on Mar 3, 2022.
             Slain by Terence
             ... wielding a +0 flail of protection
              (8 damage)
             ... on level 2 of the Dungeon.
             The game lasted 00:01:24 (1764 turns).

spaghetti the Bolt Thrower (Mummy Hunter)           Turns: 1764, Time: 00:01:25

Health: -4/24      AC:  6    Str: 15    XL:     2   Next: 75%
Magic:  2/2        EV: 11    Int: 10    God:
Gold:   73         SH:  0    Dex: 12    Spells: 1/1 levels left

rFire   x . .      SeeInvis .   a - +1 hand crossbow {crossbow}
rCold   + . .      Faith    .   (no shield)
rNeg    + + +      Spirit   .   b - +0 leather armour rPois โˆž Reflect .
                                d - +2 helmet
rElec   .          Harm     .   (no cloak)
rCorr   .          Rampage  .   (no gloves)
Will    .....                   (no boots)
Stlth   +.........              (no amulet)
HPRegen 0.08/turn               (no ring)
MPRegen 0.08/turn               (no ring)

@: no status effects
A: cold resistance 1, negative energy resistance 3, torment resistance 2, heat
vulnerability 1, no potions
a: no special abilities


You were on level 2 of the Dungeon.
You visited 1 branch of the dungeon, and saw 3 of its levels.

You collected 73 gold pieces.


Innate Abilities, Weirdness & Mutations

You are immune to poison.
Your flesh is cold resistant. (rC+)
You are immune to negative energy. (rN+++)
You are immune to unholy pain and torment.
You are vulnerable to heat. (rF-)
You do not drink.


   Skills:
 + Level 3.1 Fighting
 - Level 3.2 Crossbows
 + Level 0.6 Armour
 - Level 1.5 Dodging
 - Level 0.7 Stealth


You had one spell level left.
You didn't know any spells.
Your spell library was empty.

Inventory:

Hand Weapons
 a - a +1 hand crossbow (weapon) {crossbow}
Missiles
 c - 70 stones {throwing}
Armour
 b - a +0 leather armour (worn)
 d - a +2 helmet (worn)
   (You found it on level 2 of the Dungeon)
Scrolls
 e - a scroll of immolation {!r!r}

Dungeon Overview and Level Annotations

Branches:
Dungeon (3/15)

Altars:

Annotations:
D:2 Terence

#.##.#..###.###. #.#
#.##.#..####.#.# #.#
#.##.#.รท......## #.#
#.##.#.#####..# #.#
#.##.#.#####..# #.#
#...........).# #.#
####.#.#####.##
####.########.#.#####.###
####...w..@@.....#..........
######.......################.###
.......##.#### ####.##
#########.# #.....# #.# #.##.##
#########.# #.#### ..........#
#.# ###.....### #.# #.###.# #.#


You could see Terence and a dart slug.


Message History

Key pressed, stopping explore.
Key pressed, stopping explore.
There is an open door here.
There is an open door here.
A giant cockroach comes into view.
A giant cockroach is nearby!
You shoot a bolt. The bolt hits the giant cockroach.
You shoot a bolt. The bolt hits the giant cockroach!
You kill the giant cockroach!
No target in view!
No target in view!
No target in view!
No target in view!
No target in view!
No target in view!
No target in view!
There is a dry fountain here.
Done exploring.
Done exploring.
(D) Dungeon
Where to? (Enter - D:1, ? - help)
There is a dry fountain here.
There is a stone staircase leading down here.
You climb downwards.
There is a stone staircase leading up here.
Unknown command.
There is a stone staircase leading up here.
There is a stone staircase leading down here.
You now have 63 gold pieces (gained 9).
Key pressed, stopping explore.
You now have 73 gold pieces (gained 10).
You see here a +0 chain mail.
Found a stone staircase leading down.
No target in view!
Terence and a dart slug come into view.
Terence is wielding a +0 flail of protection.
The dart slug briefly extends its eye-stalks.
You shoot a bolt.
The bolt hits Terence but does no damage.
The dart slug launches a dart at you. The slug dart misses you.
Terence hits you with a +0 flail of protection. ๐Ÿ˜• HP[-4]
You take 4 damage, and now have 20/24 hp.
Terence screams, "I want your blood!" ๐Ÿ˜• HP[+1]
You aren't carrying any items that you can evoke.
You can't drink.
Okay, then.
Terence screams, "I'm going to kill you!" ๐Ÿ˜• HP[+1] Shoot: a) +1 hand crossbow {crossbow}
Press: ? - help, Q - select action, (/) - cycle Shift-Dir - straight line, f/p - Terence
Aim: Terence, wielding a +0 flail of protection and wearing a +0 chain mail (69% to hit)
You shoot a bolt. The bolt barely misses Terence.
Shoot: a) +1 hand crossbow {crossbow}
Press: ? - help, Q - select action, (/) - cycle Shift-Dir - straight line, f/p - Terence
Aim: Terence, wielding a +0 flail of protection and wearing a +0 chain mail (69% to hit)
You shoot a bolt. The bolt hits Terence.
Terence barely misses you. Terence closely misses you.
Shoot: a) +1 hand crossbow {crossbow}
Press: ? - help, Q - select action, (/) - cycle Shift-Dir - straight line, f/p - Terence
Aim: Terence, wielding a +0 flail of protection and wearing a +0 chain mail (lightly wounded, 69% to hit)
You shoot a bolt.
The bolt hits Terence but does no damage.
Terence barely misses you.
Shoot: a) +1 hand crossbow {crossbow}
Press: ? - help, Q - select action, (/) - cycle Shift-Dir - straight line, f/p - Terence
Aim: Terence, wielding a +0 flail of protection and wearing a +0 chain mail (lightly wounded, 69% to hit)
You shoot a bolt. The bolt hits Terence.
Terence closely misses you.
Shoot: a) +1 hand crossbow {crossbow}
Press: ? - help, Q - select action, (/) - cycle Shift-Dir - straight line, f/p - Terence
Aim: Terence, wielding a +0 flail of protection and wearing a +0 chain mail (heavily wounded, 69% to hit)
You shoot a bolt.
The bolt hits Terence but does no damage.
Terence hits you with a +0 flail of protection.
Terence says, "Did you write a will?
You should..."
Terence hits you with a +0 flail of protection. ๐Ÿ˜ฎ HP[-5]
You take 5 damage, and now have 17/24 hp.
MASSIVE DAMAGE!! (PAUSE) Shoot: a) +1 hand crossbow {crossbow}
Press: ? - help, Q - select action, (/) - cycle Shift-Dir - straight line, f/p - Terence
Aim: Terence, wielding a +0 flail of protection and wearing a +0 chain mail (heavily wounded, 69% to hit)
You shoot a bolt.
The bolt hits Terence but does no damage.
Terence hits you with a +0 flail of protection!
* * * LOW HITPOINT WARNING * * *
๐Ÿ˜จ HP[-8]
You take 8 damage, and now have 9/24 hp.
MASSIVE DAMAGE!! (PAUSE) Shoot: a) +1 hand crossbow {crossbow}
Press: ? - help, Q - select action, (/) - cycle Shift-Dir - straight line, f/p - Terence
Aim: Terence, wielding a +0 flail of protection and wearing a +0 chain mail (heavily wounded, 69% to hit)
You shoot a bolt. The bolt closely misses Terence.
The bolt hits the dart slug.
Terence hits you with a +0 flail of protection.
* * * LOW HITPOINT WARNING * * *
Terence hits you with a +0 flail of protection!
You die...

Skill      XL: |  1  2 |
---------------+-------+-----
Fighting       | 3 |  3.1
Crossbows      | |  3.2
Armour         | |  0.6
Dodging        | |  1.5
Stealth        | |  0.7

Action                   || total
-------------------------++-------
 Fire: Hand crossbow     ||    80
  Use: Scroll            ||     2
Armor: Leather armour    ||    23
Dodge: Dodged            ||    37

Levels and vault maps discovered:
D:1:      dpeg_arrival_chambers_temple_mockup, layout_basic,
          ebering_ecumenical_altar_sacrificial, serial_co_window_serial,
          co_window_corner_a, co_window_corner_a, co_window_paths_b,
          co_window_corner_a, co_window_corner_a, co_window_corner_b,
          co_window_broadway_b, co_window_corner_b, co_window_broadway_c,
          co_window_of_opportunity_c, co_window_paths_d, glass_columns_b,
          glass_columns_c, glass_columns_a, glass_columns_a,
          hangedman_decor_clover_reticule, st_stairs_9
D:2:      layout_loops_ring, uniq_terence
D:3:      layout_rooms, hangedman_glass_teeth, kennysheep_minor_cross,
          uniq_crazy_yiuf_cottage, uniq_ijyb

Notes
Turn   | Place    | Note
-------+----------+-------------------------------------------
     0 | D:1      | spaghetti the Mummy Hunter began the quest for the Orb.
     0 | D:1      | Reached XP level 1. HP: 16/16 MP: 1/1
     0 | D:1      | magus.rc [v1.9.6]
   513 | D:1      | Reached XP level 2. HP: 23/23 MP: 2/2
   709 | D:1      | Found a faded altar of an unknown god.
   905 | D:1      | Reached skill level 3 in Fighting
  1740 | D:2      | Noticed Terence
  1764 | D:2      | HP: 4/24 [Terence/+0 flail of protection (5)]
  1764 | D:2      | Slain by Terence

Vanquished Creatures
  2 ball pythons (D:1)
  2 bats (D:1)
  2 giant cockroaches (D:1)
  3 hobgoblins (D:1)
  4 kobolds
  5 frilled lizards (D:1)
  5 rats
23 creatures vanquished.

Table legend:
 A = Non-vault XP
 B = Vault XP
 C = Vault XP percentage of total XP
 D = Non-vault monster count
 E = Vault monster count
 F = Vault count percentage of total count
                 A         B        C        D         E       F
            +---------+---------+-------+---------+---------+-------
      Total |      32 |       2 |   5.9 |      21 |       2 |   8.7
            +---------+---------+-------+---------+---------+-------
        D:1 |      28 |       2 |   6.7 |      18 |       2 |  10.0
        D:2 |       3 |       0 |   0.0 |       2 |       0 |   0.0
        D:3 |       1 |       0 |   0.0 |       1 |       0 |   0.0
            +---------+---------+-------+---------+---------+-------

Illustrated notes

Table legend:
 A = Kills in this place as a percentage of kills in entire the game.
 B = Kills by you in this place as a percentage of kills by you in the entire game.
 C = Kills by friends in this place as a percentage of kills by friends in the entire game.
 D = Other kills in this place as a percentage of other kills in the entire game.
 E = Experience gained in this place as a percentage of experience gained in the entire game.
 F = Experience gained in this place divided by the number of levels of this place that you have seen.
                   A       B       C       D       E      F
               +-------+-------+-------+-------+-------+----------------------
         Total | 100.0 | 100.0 |   N/A |   N/A | 100.0 |  11.3
       Dungeon | 100.0 | 100.0 |   N/A |   N/A | 100.0 |  11.3
               +-------+-------+-------+-------+-------+----------------------

Table legend: (Time is in decaauts)
 A = Elapsed time spent in this place.
 B = Non-inter-level travel time spent in this place.
 C = Inter-level travel time spent in this place.
 D = Time resting spent in this place.
 E = Time spent auto-exploring this place.
 F = Levels seen in this place.
 G = Mean time per level.
                   A        B        C        D        E       F      G
               +--------+--------+--------+--------+--------+-----+--------+
         Total |   1792 |   1699 |     93 |    207 |   1316 |   3 |  597.3 |
       Dungeon |   1792 |   1699 |     93 |    207 |   1316 |   3 |  597.3 |
               +--------+--------+--------+--------+--------+-----+--------+

Top non-repeatable levels by time:
     D:1: 1480 daAuts
     D:2: 227 daAuts
     D:3: 85 daAuts
